 Dungeon Crawl Stone Soup version 0.23-a0-358-g98c7a59ffc (webtiles) character file.

13650 LostNumber the Severer (level 12, -15/159 HPs)
             Began as a Barachi Berserker on Oct 23, 2018.
             Was a High Priest of Trog.
             Demolished by a stone giant (32 damage)
             ... on level 10 of the Dungeon.
             The game lasted 00:21:48 (11942 turns).

LostNumber the Severer (Barachi Berserker)         Turns: 11942, Time: 00:21:49

Health: -15/159    AC: 14    Str: 28    XL:     12   Next: 8%
Magic:  7/12       EV: 10    Int:  7    God:    Trog [*****.]
Gold:   728        SH:  6    Dex: 20    Spells: 11/11 levels left

rFire    . . .     SeeInvis .   N - +3 morningstar
rCold    . . .     Gourm    .   r - +0 buckler
rNeg     . . .     Faith    .   j - +1 chain mail
rPois    .         Spirit   .   p - +0 helmet
rElec    .         Reflect  .   (no cloak)
rCorr    .         Harm     .   o - +2 pair of gloves
MR       ++...                  (no boots)
Stlth    ..........             w - amulet of the acrobat
HPRegen  1.36/turn              x - +3 ring of dexterity
MPRegen  0.13/turn              y - +4 ring of dexterity

@: berserking, regenerating, quick
A: +LOS, swims, slowness 1, strong legs 1
a: Hop, Berserk, Trog's Hand, Brothers in Arms, Renounce Religion


You were on level 10 of the Dungeon.
You worshipped Trog.
Trog was extremely pleased with you.
You were not hungry.

You visited 1 branch of the dungeon, and saw 10 of its levels.
You also visited: Sewer.

You collected 728 gold pieces.

Inventory:

Hand Weapons
 a - a +0 hand axe
 f - a +3 short sword of draining
 t - a +6 antimagic quarterstaff
 v - a +2 scimitar of holy wrath
 D - a +3 dagger of venom
 N - a +3 morningstar (weapon)
Missiles
 e - 5 javelins (quivered)
Armour
 b - a +0 animal skin
 h - a +0 ring mail
 j - a +1 chain mail (worn)
 o - a +2 pair of gloves (worn)
 p - a +0 helmet (worn)
 r - a +0 buckler (worn)
 u - a +0 shield
 L - a +0 plate armour
Jewellery
 w - an amulet of the acrobat (around neck)
 x - a +3 ring of dexterity (left hand)
 y - a +4 ring of dexterity (right hand)
 B - an uncursed ring of wizardry
 G - an uncursed ring of flight
 H - a cursed -5 ring of dexterity
 O - an uncursed amulet of magic regeneration {unknown}
Scrolls
 g - 10 scrolls of remove curse
 m - 4 scrolls of enchant armour
 n - 3 scrolls of magic mapping
 z - 2 scrolls of identify
 A - 3 scrolls of brand weapon
 E - a scroll of holy word
 I - a scroll of enchant weapon
 J - 3 scrolls of blinking
 K - a scroll of immolation
 M - a scroll of summoning
 Q - a scroll of fog
Potions
 d - 3 potions of heal wounds
 i - 8 potions of curing
 k - 2 potions of flight
 l - a potion of agility
 q - 7 potions of lignification
 s - 2 potions of brilliance
 C - 2 potions of resistance
 F - a potion of might
 P - a potion of ambrosia {unknown}
Comestibles
 c - 24 rations


   Skills:
 + Level 13.7 Fighting
 + Level 15.4 Axes
 - Level 2.4 Armour
 - Level 2.1 Dodging
 + Level 4.7 Shields


You had 11 spell levels left.
You didn't know any spells.
Your spell library was empty.

Dungeon Overview and Level Annotations

Branches:
Dungeon (10/15)            Temple (0/1) D:5            Lair (0/6) D:9
    Orc (0/2) D:9

Altars:
Ashenzari
Dithmenos
Fedhas
Gozag
Hepliaklqana
Kikubaaqudgha
Makhleb
Okawaru
Sif Muna
Uskayaw
Xom
Yredelemnul
Zin

Shops:
D:10 %

Annotations:
D:7 1 exclusion
D:9 exclusion: 2 orc priests
D:10 3 runed doors


Innate Abilities, Weirdness & Mutations

Shadows flee at your approach. (+LOS)
You can swim through water.
You cover ground slowly.
You can hop short distances.


Message History

The stone giant hits your ogre!!
You're too hungry.
Unknown command.
You eat one of the 25 rations.
That ration really hit the spot!
Your ogre hits the stone giant with a giant spiked club.
The stone giant hits your ogre!!
Your ogre dies!
Your ogre's corpse disappears in a puff of smoke!
A red film seems to cover your vision as you go berserk!
You feel yourself moving faster!
You feel mighty!
You feel a lot more hungry.
You hit the stone giant but do no damage.
The stone giant is severely wounded.
You puncture the stone giant!
The stone giant is severely wounded.
The stone giant hits you!!
* * * LOW HITPOINT WARNING * * *
You hit the stone giant but do no damage.
The stone giant is severely wounded.
The stone giant hits you!!
You die...

#...........# +.........#
............# #.........#
.......#....# #..#####..+
)?....###...# +..#####..#
............# #.........#
.(.#####....# #)........+
..#######...######(##'#####
..#⌠.#.(##..#...((..#.)...#
..#..#'###..#.)C@...#....?#
..'.)...##..#.......#.....#
..'.....##..###############
..#.....##.......#
..#######.......##
...#####.......##
..............##
######......### ########


You could see a stone giant.

Vanquished Creatures
  Harold (D:7)
  A two-headed ogre (D:9)
  An unseen horror (D:10)
  Pikel (D:8)
  A deep elf mage (D:7)
  A cyclops (D:9)
  3 hippogriffs
  Sigmund (D:2)
  10 yaks (D:9)
  3 hungry ghosts
  Menkaure (D:7)
  2 soldier ants (D:10)
  9 orc warriors
  2 water moccasins
  3 black bears
  A necrophage (D:9)
  2 eyes of draining
  2 ice beasts
  7 ogres
  A wolf (D:10)
  4 sky beasts
  A centaur (D:8)
  A crocodile (D:8)
  4 big kobolds
  Blork the orc (D:4)
  7 bullfrogs
  5 gnoll sergeants (D:10)
  5 scorpions
  A wyvern skeleton (D:10)
  8 killer bees
  5 wights
  A howler monkey (D:9)
  3 electric eels (D:9)
  3 crimson imps
  3 bullfrog zombies
  3 gnoll shamans
  4 jellies
  2 centaur skeletons
  15 hounds
  3 orc priests
  5 iguanas
  9 orc wizards
  7 worker ants
  A hound zombie (D:7)
  Robin (D:2)
  37 gnolls
  A howler monkey skeleton (D:4)
  4 adders
  2 river rats (Sewer)
  5 shadow imps
  An ooze (D:1)
  An adder skeleton (D:8)
  An adder zombie (D:7)
  6 worms
  5 dart slugs
  4 leopard geckos
  42 orcs
  5 ball pythons
  7 bats
  7 giant cockroaches
  17 goblins
  8 hobgoblins
  21 jackals
  5 quokkas
  8 frilled lizards
  21 kobolds
  A quokka skeleton (D:8)
  13 rats
  A spectral orc (D:6)
378 creatures vanquished.

Vanquished Creatures (collateral kills)
  A two-headed ogre (D:9)
  An orc warrior (D:9)
  An orc priest (D:9)
  A shadow imp (D:9)
4 creatures vanquished.

Vanquished Creatures (others)
  An ogre (D:8)
  A bullfrog skeleton (D:8)
  An orc (D:9)
3 creatures vanquished.

Grand Total: 385 creatures vanquished

Notes
Turn   | Place    | Note
-------+----------+-------------------------------------------
     0 | D:1      | LostNumber the Barachi Berserker began the quest for the
                  | Orb.
     0 | D:1      | Reached XP level 1. HP: 18/18 MP: 1/1
    78 | D:1      | Reached XP level 2. HP: 12/25 MP: 2/2
   120 | D:1      | Reached skill level 4 in Axes
   485 | D:1      | Reached XP level 3. HP: 30/30 MP: 3/3
   491 | D:1      | Reached ** piety under Trog
   923 | D:2      | Noticed Robin
   950 | D:2      | Reached XP level 4. HP: 34/38 MP: 4/4
   961 | D:2      | Killed Robin
   961 | D:2      | Reached skill level 5 in Axes
  1069 | D:2      | Found an ancient bone altar of Kikubaaqudgha.
  1315 | D:2      | Found a shimmering altar of Xom.
  1331 | D:2      | Noticed Sigmund
  1344 | D:2      | Killed Sigmund
  1344 | D:2      | Reached skill level 5 in Fighting
  1344 | D:2      | Reached skill level 6 in Axes
  1344 | D:2      | Reached XP level 5. HP: 44/44 MP: 5/5
  1344 | D:2      | Reached XP level 6. HP: 51/51 MP: 6/6
  1388 | D:2      | Found a blossoming altar of Fedhas.
  2008 | D:3      | Found a glowing drain.
  2012 | Sewer    | Entered a sewer
  2147 | Sewer    | Reached skill level 1 in Shields
  2150 | Sewer    | Reached skill level 7 in Axes
  2258 | Sewer    | Found a white marble altar of Elyvilon.
  2382 | D:3      | Reached *** piety under Trog
  2714 | D:3      | Found a deep blue altar of Sif Muna.
  2841 | D:4      | Reached XP level 7. HP: 57/57 MP: 7/7
  2998 | D:4      | Noticed Blork the orc
  3007 | D:4      | Killed Blork the orc
  3365 | D:5      | Entered Level 5 of the Dungeon
  3389 | D:5      | Found a shattered altar of Ashenzari.
  3396 | D:5      | Found a staircase to the Ecumenical Temple.
  3526 | D:5      | Reached skill level 8 in Axes
  3750 | D:6      | Reached XP level 8. HP: 63/65 MP: 8/8
  3796 | D:6      | Found a shimmering altar of Xom.
  3848 | D:6      | Found a hazy altar of Hepliaklqana.
  3884 | D:6      | Noticed a dagger
  3885 | D:6      | Noticed a hand axe
  3886 | D:6      | Found a hide-covered altar of Uskayaw.
  4211 | D:6      | Reached **** piety under Trog
  4644 | D:6      | Found a basalt altar of Yredelemnul.
  4724 | D:6      | Reached skill level 9 in Axes
  4864 | D:6      | Found an iron altar of Okawaru.
  5072 | D:7      | Reached XP level 9. HP: 69/74 MP: 9/9
  5224 | D:7      | Noticed Menkaure
  5230 | D:7      | Killed Menkaure
  5230 | D:7      | Reached skill level 10 in Axes
  5627 | D:7      | Reached skill level 11 in Axes
  5750 | D:7      | Reached ***** piety under Trog
  6084 | D:7      | Noticed a deep elf mage
  6084 | D:7      | Noticed a white ugly thing
  6085 | D:7      | Noticed a smoke demon
  6100 | D:7      | Killed a deep elf mage
  6100 | D:7      | Received a gift from Trog
  6100 | D:7      | Reached skill level 12 in Axes
  6100 | D:7      | Reached XP level 10. HP: 85/85 MP: 10/10
  6394 | D:7      | Noticed Harold
  6417 | D:7      | Killed Harold
  6417 | D:7      | Reached skill level 10 in Fighting
  6781 | D:8      | Noticed Pikel
  6801 | D:8      | Killed Pikel
  6801 | D:8      | Reached skill level 13 in Axes
  7807 | D:9      | Found an opulent altar of Gozag.
  7859 | D:9      | Found a staircase to the Lair.
  7879 | D:9      | Noticed a cyclops
  7897 | D:9      | Killed a cyclops
  7897 | D:9      | Reached XP level 11. HP: 69/94 MP: 11/11
  7971 | D:9      | Reached skill level 14 in Axes
  8215 | D:9      | Found a burning altar of Makhleb.
  8290 | D:9      | Noticed a two-headed ogre
  8293 | D:9      | Killed a two-headed ogre
  8946 | D:9      | Found a staircase to the Orcish Mines.
  8971 | D:9      | Identified Jupyem's Compendium of the Harmful Birds
  8989 | D:9      | Received a gift from Trog
  9015 | D:9      | Noticed a two-headed ogre
  9023 | D:9      | Killed a two-headed ogre
  9686 | D:9      | Found a shadowy altar of Dithmenos.
  9789 | D:9      | Found a glowing silver altar of Zin.
  9862 | D:10     | Entered Level 10 of the Dungeon
 10345 | D:10     | Found Jovuxauq's Food Shop.
 10365 | D:10     | Found a basalt altar of Yredelemnul.
 10642 | D:10     | Killed an unseen horror
 10642 | D:10     | Reached skill level 15 in Axes
 11143 | D:10     | Reached XP level 12. HP: 43/105 MP: 12/12
 11860 | D:10     | Found a runed gate.
 11860 | D:10     | Found a runed gate.
 11861 | D:10     | Found a runed gate.
 11862 | D:10     | Noticed a white very ugly thing
 11931 | D:10     | Noticed a stone giant
 11942 | D:10     | Demolished by a stone giant

Vault maps used:
D:1:      roderic_crop_circles_arrival_small, minmay_vboxes
D:2:      xom_teletrap_fun, lemuel_doored_altar, kiku_gazebo_pond_becter,
          uniq_sigmund, uniq_robin
D:3:      lemuel_blue_sif_altar, gup_sewer_entry_bowl
D:4:      uniq_blork_the_orc
D:5:      cheibrodos_ashenzari_chains, temple_fountains, first_ration
D:6:      lemuel_round_altar, okawaru_altar_gauntlet_db,
          yredelemnul_forgotten_temple_becter, dancing_weapons_uskayaw,
          basic_altar, minmay_misc_feat_pillars
D:7:      minmay_the_grid_triangle_9x9_rhombus_full, uniq_harold, uniq_menkaure
D:8:      grunt_ministairs_6, uniq_pikel
D:9:      kennysheep_mini, bloody_makhleb, zin_scriptorium,
          nicolae_gozag_cash_rules_everything_around_me, lair_entry_dummy,
          erik_orc_2
D:10:     basic_altar, ploomutoo_gammafunk_ghost_potion_laboratory,
          serial_gnoll_camp, gnoll_camp_mini_house, gnoll_camp_mini_house,
          gnoll_camp_mini_shop, gnoll_camp_huts_moat, gnoll_camp_mini_doghouse,
          gnoll_camp_medium_01, hangedman_pestilent_swarm, evilmike_minifort
Sewer:    sewer_kobolds

Skill      XL: |  1  2  3  4  5  6  7  8  9 10 11 |
---------------+----------------------------------+-----
Fighting       | 4 5 6 8 9 11 13 | 13.7
Axes           | 4 6 7 8 9 12 13 15 | 15.4
Shields        | 1 3 4 |  4.7
Armour         | |  2.4
Dodging        | |  2.1

Action                   |  1- 3 |  4- 6 |  7- 9 | 10-12 || total
-------------------------+-------+-------+-------+-------++-------
Melee: Short sword       |   111 |   143 |   390 |   443 ||  1087
       Hand axe          |    10 |       |       |       ||    10
       Scimitar          |       |       |    14 |    22 ||    36
       Morningstar       |       |       |       |   315 ||   315
Invok: Berserk           |     3 |     4 |     6 |    15 ||    28
       Trog's Hand       |       |     3 |     1 |     5 ||     9
       Brothers in Arms  |       |       |       |     2 ||     2
 Abil: Hop               |     1 |     1 |     1 |     3 ||     6
  Use: Scroll            |       |     9 |     7 |     7 ||    23
       Potion            |       |       |       |     1 ||     1
 Stab: Sleeping          |     1 |       |       |       ||     1
       Distracted        |       |       |       |     1 ||     1
  Eat: Chunk             |     2 |    11 |    15 |    32 ||    60
       Ration            |       |       |     2 |     4 ||     6
Armor: Animal skin       |     3 |       |       |       ||     3
       Chain mail        |    56 |   107 |   223 |   425 ||   811
       Ring mail         |     3 |       |       |       ||     3
Dodge: Dodged            |    64 |    73 |   223 |   407 ||   767
Block: Buckler           |       |     8 |   116 |   248 ||   372
       Rpst.: Scimitar   |       |       |     2 |     2 ||     4

Table legend:
 A = Non-vault XP
 B = Vault XP
 C = Vault XP percentage of total XP
 D = Non-vault monster count
 E = Vault monster count
 F = Vault count percentage of total count
                 A         B        C        D         E       F
            +---------+---------+-------+---------+---------+-------
      Total |   12811 |    6689 |  34.3 |     242 |     141 |  36.8
            +---------+---------+-------+---------+---------+-------
        D:1 |      56 |      12 |  17.6 |      24 |       7 |  22.6
        D:2 |      57 |     256 |  81.8 |      20 |      12 |  37.5
        D:3 |      93 |       4 |   4.1 |      18 |       2 |  10.0
        D:4 |     275 |      96 |  25.9 |      11 |       1 |   8.3
        D:5 |     155 |       0 |   0.0 |       3 |       0 |   0.0
        D:6 |     760 |      14 |   1.8 |      39 |       7 |  15.2
        D:7 |    1501 |    2572 |  63.1 |      25 |      22 |  46.8
        D:8 |    1781 |     717 |  28.7 |      32 |       3 |   8.6
        D:9 |    5691 |     750 |  11.6 |      46 |      18 |  28.1
       D:10 |    2442 |    2131 |  46.6 |      24 |      58 |  70.7
      Sewer |       0 |     137 | 100.0 |       0 |      11 | 100.0
            +---------+---------+-------+---------+---------+-------
